 Dungeon Crawl Stone Soup version 0.30-a0-852-g08b95dd62f (webtiles) character file.

Game seed: 8568176140207536570

3598 Darius099 the Grappler (level 9, -3/80 HPs)
             Began as a Troll Monk on Mar 4, 2023.
             Slain by a killer bee (6 damage)
             ... on level 8 of the Dungeon.
             The game lasted 00:14:52 (5457 turns).

Darius099 the Grappler (Troll Monk)                 Turns: 5457, Time: 00:14:53

Health: -3/80      AC:  5    Str: 21    XL:     9   Next: 85%
Magic:  8/8        EV: 10    Int:  6    God:
Gold:   433        SH:  0    Dex: 16    Spells: 8/8 levels left

rFire   . . .      SeeInvis .      - Unarmed
rCold   . . .      Faith    .    (no shield)
rNeg    . . .      Spirit   .    h - +0 robe
rPois   .          Reflect  .    (helmet restricted)
rElec   .          Rampage  .    o - +0 cloak
rCorr   .                        (gloves unavailable)
Will    .....                    (boots unavailable)
Stlth   ++                       (no amulet)
HPRegen 1.13/turn                (no ring)
MPRegen 0.11/turn                (no ring)

@: lethally poisoned (-3 -> -4)
A: large, unfitting armour, claws 3, regeneration 1, shaggy fur 1, tough skin 1
a: no special abilities


You were on level 8 of the Dungeon.
You visited 2 branches of the dungeon, and saw 9 of its levels.

You collected 433 gold pieces.

Inventory:

Armour
 h - a +0 robe (worn)
 o - a +0 cloak (worn)
Jewellery
 p - an amulet of faith
 x - a ring of wizardry
Wands
 n - a wand of flame (78)
Scrolls
 a - 2 scrolls of identify
 g - 3 scrolls of fog {unknown}
 j - 8 scrolls of fear
 k - a scroll of vulnerability {unknown}
 m - a scroll of brand weapon {unknown}
 q - 3 scrolls of magic mapping {unknown}
 s - 2 scrolls of torment {unknown}
 t - a scroll of teleportation {unknown}
 u - a scroll of acquirement {unknown}
Potions
 b - 2 potions of ambrosia
 c - 3 potions of curing
 d - 2 potions of lignification
 e - a potion of might
 f - a potion of resistance {unknown}
 i - 3 potions of invisibility
 l - 2 potions of flight
 r - a potion of attraction {unknown}
 v - a potion of cancellation {unknown}


   Skills:
 - Level 2.4 Fighting
 - Level 2.4 Dodging
 - Level 1.0 Stealth
 + Level 14.3 Unarmed Combat


You had 8 spell levels left.
You didn't know any spells.
Your spell library contained the following spells:

 Spells                   Type           Power      Damage    Failure   Level
 Cigotuvi's Dreadful Rot  Necr/Pois/Air  0%         N/A       58%         2
 Ensorcelled Hibernation  Hex/Ice        0%         N/A       58%         2
 Poisonous Vapours        Pois/Air       0%         N/A       58%         2
 Gell's Gravitas          Tloc           0%         N/A       83%         3
 Mephitic Cloud           Conj/Pois/Air  0%         N/A       83%         3
 Spider Form              Tmut/Pois      0%         N/A       83%         3
 Stone Arrow              Conj/Erth      0%         3d7       83%         3
 Teleport Other           Tloc           0%         N/A       83%         3
 Anguish                  Hex/Necr       0%         N/A       99%         4
 Animate Armour           Summ/Erth      0%         N/A       99%         4
 Dispersal                Tloc           0%         N/A       100%        6
 Lehudib's Crystal Spear  Conj/Erth      0%         10d2      100%        8


Dungeon Overview and Level Annotations

Branches:
Dungeon (8/15)             Temple (1/1) D:4
   Lair: D:8-11

Altars:
Ashenzari
Cheibriados
Dithmenos
Elyvilon
Fedhas
Gozag
Hepliaklqana
Kikubaaqudgha
Makhleb
Nemelex Xobeh
Okawaru
Qazlal
Ru
Sif Muna
Trog
Uskayaw
Vehumet
Wu Jian
Xom
Yredelemnul
Zin
The Shining One


Innate Abilities, Weirdness & Mutations

You are too large for most types of armour.
You have claws for hands.
Your natural rate of healing is unusually fast.
You are covered in fur. (AC +1)
You have tough skin. (AC +1)


Message History

* * * LOW HITPOINT WARNING * * *
You are poisoned.
The killer bee poisons you! The killer bee stings you.
* * * LOW HITPOINT WARNING * * *
You are more poisoned.
The killer bee poisons you!
You barely miss the killer bee.
You feel very sick. The killer bee barely misses you.
You mangle the killer bee!!
You kill the killer bee!
You feel very sick. The killer bee closely misses you.
You mangle the killer bee!!
You kill the killer bee!
You feel sick.
You miss the killer bee.
The killer bee is heavily wounded.
You feel sick. The killer bee misses you. The killer bee barely misses you.
You miss the killer bee. Your claw misses the killer bee.
The killer bee is heavily wounded.
You feel sick. The killer bee misses you.
You scratch the killer bee.
The killer bee is heavily wounded.
You feel sick. The killer bee stings you.
* * * LOW HITPOINT WARNING * * *
You are more poisoned.
The killer bee poisons you! The killer bee barely misses you.
You feel better. The killer bee stings you.
* * * LOW HITPOINT WARNING * * *
You are poisoned.
The killer bee poisons you! The killer bee stings you!
* * * LOW HITPOINT WARNING * * *
You claw the killer bee!
You kill the killer bee!
You feel sick.
You scratch the killer bee.
The killer bee is moderately wounded.
You feel sick. The killer bee closely misses you. The killer bee stings you.
You die...

#.#..........8.......#
.....................#
#.###..............#
#......)#.##....# #
#.#[....# #####.# #
#....<#.# #.# #
#....##.#####.####
#y#...........))).
#@###.#.####...###
#...._..# #...##.
#####.### #...... #..#
##..... ####.#####
#.###.
#........####.###.
#.###..........###
.....#..........### #.
#..........)....


You could see a killer bee.

Vanquished Creatures
  Pikel (D:8)
  Sigmund (D:3)
  Eustachio (D:6)
  2 water moccasins (D:6)
  Duvessa (D:6)
  An orc warrior (D:7)
  4 ice beasts
  A sky beast (D:6)
  A black bear (D:6)
  A centaur (D:5)
  A lemure (D:8)
  An ogre (D:5)
  2 phantoms
  A wyvern zombie (D:8)
  2 scorpions
  7 wights (D:8)
  Dowan (D:6)
  5 killer bees (D:8)
  2 centaur zombies (D:8)
  Crazy Yiuf (D:3)
  2 hounds
  A jelly (D:7)
  3 orc priests
  A gnoll bouda (D:4)
  Jessica (D:3)
  4 iguanas
  An orc wizard (D:7)
  A killer bee zombie (D:8)
  A howler monkey zombie (D:8)
  13 gnolls
  3 adders
  2 shadow imps
  2 white imps (D:6)
  2 dart slugs
  2 worms (D:2)
  19 orcs
  9 ball pythons
  10 endoplasms
  2 giant cockroaches (D:1)
  3 goblins (D:1)
  5 hobgoblins
  4 jackals (D:1)
  6 quokkas
  6 bats (D:1)
  4 frilled lizards (D:1)
  4 kobolds
  3 rats (D:1)
151 creatures vanquished.

Notes
Turn   | Place    | Note
-------+----------+-------------------------------------------
     0 | D:1      | Darius099 the Troll Monk began the quest for the Orb.
     0 | D:1      | Reached XP level 1. HP: 22/22 MP: 0/0
    80 | D:1      | Reached XP level 2. HP: 28/29 MP: 1/1
   189 | D:1      | Reached skill level 4 in Unarmed Combat
   321 | D:1      | Reached XP level 3. HP: 36/36 MP: 2/2
  1247 | D:3      | Found a runed translucent door.
  1248 | D:3      | Noticed Crazy Yiuf
  1254 | D:3      | Killed Crazy Yiuf
  1255 | D:3      | Reached skill level 5 in Unarmed Combat
  1255 | D:3      | Reached XP level 4. HP: 28/44 MP: 1/3
  1472 | D:3      | Noticed Jessica
  1478 | D:3      | Killed Jessica
  1480 | D:3      | Reached XP level 5. HP: 49/50 MP: 4/4
  1535 | D:3      | Found a sparkling altar of Nemelex Xobeh.
  1539 | D:3      | Found a bloodstained altar of Trog.
  1634 | D:3      | Noticed Sigmund
  1649 | D:3      | Killed Sigmund
  1650 | D:3      | Reached skill level 7 in Unarmed Combat
  1650 | D:3      | Reached XP level 6. HP: 52/59 MP: 5/5
  2380 | D:4      | Reached skill level 8 in Unarmed Combat
  2525 | D:4      | Reached XP level 7. HP: 66/66 MP: 6/6
  2613 | D:4      | Found a staircase to the Ecumenical Temple.
  2847 | Temple   | Entered the Ecumenical Temple
  3138 | D:5      | Entered Level 5 of the Dungeon
  3153 | D:5      | Found an iron altar of Okawaru.
  3164 | D:5      | Identified the +3 scale mail "Marpheev" {rPois rCorr Str-3}
  3206 | D:5      | Reached skill level 9 in Unarmed Combat
  3247 | D:5      | Identified the +10 falchion of Agony {pain, Fly rC+ Int+5}
  3345 | D:5      | Reached XP level 8. HP: 61/74 MP: 7/7
  3445 | D:5      | Reached skill level 10 in Unarmed Combat
  3934 | D:6      | Noticed Dowan
  3934 | D:6      | Noticed Duvessa
  3941 | D:6      | Killed Duvessa
  3950 | D:6      | Killed Dowan
  3951 | D:6      | Reached skill level 11 in Unarmed Combat
  4284 | D:6      | Found a white marble altar of Elyvilon.
  4615 | D:6      | Reached skill level 12 in Unarmed Combat
  4641 | D:6      | Noticed Eustachio
  4650 | D:6      | Killed Eustachio
  4651 | D:6      | Reached XP level 9. HP: 77/80 MP: 8/8
  4793 | D:7      | Found a shadowy altar of Dithmenos.
  4793 | D:7      | Found a shimmering altar of Xom.
  4795 | D:7      | Found a broken altar of Ashenzari.
  5249 | D:8      | Noticed Pikel
  5261 | D:8      | Killed Pikel
  5262 | D:8      | Reached skill level 13 in Unarmed Combat
  5389 | D:8      | Reached skill level 14 in Unarmed Combat
  5413 | D:8      | Found a shimmering blue altar of Sif Muna.
  5456 | D:8      | HP: 4/80 [poisoned by a killer bee]
  5457 | D:8      | Slain by a killer bee

Illustrated notes

Levels and vault maps discovered:
D:1:      denvon_arrival_waterhouse, layout_loops_ring
D:2:      layout_basic
D:3:      layout_basic, mainiacjoe_overflow_catwalk_spiral, uniq_jessica,
          uniq_sigmund, uniq_crazy_yiuf_cottage
D:4:      layout_basic, minmay_temple_entry_fiery
D:5:      layout_loops_ring, nicolae_overflow_crystal_walls
D:6:      layout_basic, mainiacjoe_overflow_concentric_impassable,
          nicolae_kite_square_tiling_tiny, due_unseen_surprise, uniq_duvessa,
          uniq_eustachio
D:7:      layout_rooms, nicolae_overflow_hidden_temple
D:8:      layout_basic, lemuel_crystal_altar, serial_undead, serial_undead_a,
          serial_undead_f, serial_undead_b, serial_undead_b, serial_undead_d,
          serial_undead_d, uniq_pikel
Temple:   dpeg_chambers_temple

Skill      XL: |  1  2  3  4  5  6  7  8  9 |
---------------+----------------------------+-----
Unarmed Combat | 4 5 7 8 9 12 14 | 14.3
Fighting       | |  2.4
Dodging        | |  2.4
Stealth        | |  1.0

Action                     |  1- 3 |  4- 6 |  7- 9 || total
---------------------------+-------+-------+-------++-------
  Melee: Unarmed           |   107 |    85 |   234 ||   426
         Punch             |     1 |     6 |    18 ||    25
    Use: Scroll            |       |       |     6 ||     6
         Potion            |       |       |     3 ||     3
   Stab: Sleeping          |     2 |     1 |     5 ||     8
 Armour: Robe              |    38 |    10 |    52 ||   100
  Dodge: Dodged            |    55 |    31 |   110 ||   196

Table legend: (Time is in decaauts)
 A = Elapsed time spent in this place.
 B = Non-inter-level travel time spent in this place.
 C = Inter-level travel time spent in this place.
 D = Time resting spent in this place.
 E = Time spent auto-exploring this place.
 F = Levels seen in this place.
 G = Mean time per level.
                   A        B        C        D        E       F      G
               +--------+--------+--------+--------+--------+-----+--------+
         Total |   5386 |   5075 |    311 |    204 |   3636 |   9 |  598.4 |
       Dungeon |   5160 |   4871 |    289 |    204 |   3445 |   8 |  645.0 |
        Temple |    226 |    204 |     22 |      0 |    191 |   1 |  226.0 |
               +--------+--------+--------+--------+--------+-----+--------+

Top non-repeatable levels by time:
     D:3: 993 daAuts
     D:6: 855 daAuts
     D:4: 803 daAuts
     D:5: 728 daAuts
     D:1: 652 daAuts
     D:7: 465 daAuts
     D:2: 440 daAuts
  Temple: 226 daAuts
     D:8: 221 daAuts
